AoeStats
← Estatico1

Oasis

508342630Analyzed
2v2 RM · 10d ago on Sep 22, 2026· 27m 59s· 4 players
Game mode
Random Map
Map size
Medium (4 player)
Population
200
Speed
Normal
Resources
Standard
Victory
Conquest
Starting age
Dark Age
Ending age
Imperial Age
RankedLock teamsTeams togetherTeam positionsShared explorationLock speedFull tech treeHidden civsTurbo modeCheats
Victory
Defeat
🇲🇽 Bulgarians · Mexico
1222
+15
🇦🇷 Spanish · Argentina
1214
+15
🇦🇷 Celts · Argentina
1194
-15
🇦🇷 Khmer · Argentina
1193
-15
Estatico1
9:39 Loom
11:46 Feudal Age
11:54 Man-at-Arms
15:24 Double-Bit Axe
23:02 Castle Age
^La Nutria Excitadora^
7:31 Loom
8:17 Loom
10:21 Feudal Age
11:07 Double-Bit Axe
20:35 Fletching
21:07 Horse Collar
24:11 Padded Archer Armor
27:11 Castle Age
26:21 Forging
26:16 Scale Barding Armor
26:45 Bloodlines
27:42 Pikeman
(JP) JR
10:11 Feudal Age
11:58 Loom
14:05 Arson
18:39 Scale Mail Armor
18:50 Forging
23:56 Castle Age
23:05 Scale Barding Armor
22:49 Double-Bit Axe
22:46 Horse Collar
23:45 Bloodlines
24:35 Wheelbarrow
25:13 Town Watch
26:20 Husbandry
Buaco69
11:17 Feudal Age
14:12 Loom
17:10 Castle Age
18:20 Stone Mining
Connection lost

Rejoining the realm…

Still unreachable

The connection could not be restored.

Session expired

The server has moved on; the page needs a fresh start.